 Dungeon Crawl Stone Soup version 0.27-a0-34-gc18c9092ac (webtiles) character file.

Game seed: 8251573353790739071

137 sideus8 the Chiller (level 5, -1/28 HPs)
             Began as a Deep Elf Ice Elementalist on Jan 4, 2021.
             Slain by Natasha (6 damage)
             ... on level 3 of the Dungeon.
             The game lasted 00:07:21 (3163 turns).

sideus8 the Chiller (Deep Elf Ice Elementalist)     Turns: 3163, Time: 00:07:21

Health: -1/28      AC:  2    Str:  5    XL:     5   Next: 0%
Magic:  13/13      EV: 13    Int: 21    God:
Gold:   117        SH:  0    Dex: 15    Spells: 11/12 levels left

rFire    . . .     SeeInvis .   j - +4 short sword (venom)
rCold    . . .     Faith    .   (no shield)
rNeg     . . .     Spirit   .   a - +0 robe
rPois    .         Reflect  .   (no helmet)
rElec    .         Harm     .   (no cloak)
rCorr    .         Rampage  .   (no gloves)
Will     .....                  (no boots)
Stlth    ++........             (no amulet)
HPRegen  0.09/turn              (no ring)
MPRegen  0.13/turn              (no ring)

@: no status effects
A: no striking features
a: no special abilities


You were on level 3 of the Dungeon.
You visited 1 branch of the dungeon, and saw 3 of its levels.

You collected 117 gold pieces.

Inventory:

Hand Weapons
 j - a +4 short sword of venom (weapon)
Armour
 a - a +0 robe (worn)
 k - a +0 scale mail of cold resistance
Scrolls
 c - a scroll of immolation {unknown}
 f - a scroll of fog {unknown}
 i - a scroll of identify {unknown}
Potions
 b - 2 potions of lignification {unknown}
 d - a potion of brilliance {unknown}
 e - a potion of curing {unknown}
 g - 2 potions of degeneration {unknown}
 h - a potion of might {unknown}


   Skills:
 * Level 0.2 Armour
 + Level 2.4 Dodging
 - Level 2.6 Stealth
 + Level 4.4 Spellcasting
 + Level 6.2 Ice Magic


You had 11 spell levels left.
You knew the following spells:

 Your Spells              Type           Power        Failure   Level
a - Freeze                Ice            100%         1%          1

Your spell library contained the following spells:

 Spells                   Type           Power        Failure   Level
 Frozen Ramparts          Ice            60%          2%          3
 Ozocubu's Armour         Ice            30%          2%          3
 Hailstorm                Conj/Ice       17%          32%         4
 Summon Ice Beast         Ice/Summ       17%          32%         4


Dungeon Overview and Level Annotations

Branches:
Dungeon (3/15)

Altars:
Dithmenos

Annotations:
D:3 Natasha


Message History

Natasha hisses angrily.
Natasha is nearby!
Natasha stares at you and mumbles some strange words.
The magic dart hits you!
Natasha mumbles some strange words.
Natasha's front paws start to glow.
Natasha claws you!
You hit Natasha.
Natasha is poisoned.
Natasha is moderately wounded.
Natasha claws you.
* * * LOW HITPOINT WARNING * * *
You barely miss Natasha.
Natasha is moderately wounded.
Natasha casts a spell at you. The magic dart hits you.
* * * LOW HITPOINT WARNING * * *
You barely miss Natasha.
Natasha is moderately wounded.
Natasha claws you.
You die...

############# ### #...........#
#.. #.###.......# #.#
#)###.......###################.#
...##...........................#
÷...÷.......###################.#
...#...........## #.#
#[###...........###### #..
#÷###.##.##.....@h...# ###
#.....##.##.##..####.#
#..#####.##.##..... #..#
.....###.#### #. ...# #.#### #.#
#. ......... #.# ... #.####.# #.#
#.# #.# #.#


You could see Natasha (very poisoned).

Vanquished Creatures
  Jessica (D:3)
  Ijyb (D:3)
  Terence (D:3)
  2 adders (D:2)
  A worm (D:3)
  A leopard gecko (D:3)
  2 orcs (D:3)
  6 goblins
  4 hobgoblins
  4 jackals (D:2)
  4 kobolds
  A quokka (D:2)
  5 bats
  3 frilled lizards
  9 rats
45 creatures vanquished.

Notes
Turn   | Place    | Note
-------+----------+-------------------------------------------
     0 | D:1      | sideus8 the Deep Elf Ice Elementalist began the quest for
                  | the Orb.
     0 | D:1      | Reached XP level 1. HP: 10/10 MP: 6/6
  1095 | D:2      | Reached XP level 2. HP: 14/15 MP: 5/8
  1282 | D:2      | Found a shadowy altar of Dithmenos.
  1288 | D:2      | Reached skill level 5 in Ice Magic
  1288 | D:2      | Reached XP level 3. HP: 19/19 MP: 7/10
  2531 | D:3      | Noticed Jessica
  2642 | D:3      | Killed Jessica
  2643 | D:3      | Reached XP level 4. HP: 24/24 MP: 7/11
  2851 | D:3      | Noticed Ijyb
  2889 | D:3      | Killed Ijyb
  2890 | D:3      | Reached skill level 6 in Ice Magic
  2904 | D:3      | Noticed Terence
  2913 | D:3      | Killed Terence
  2914 | D:3      | Reached XP level 5. HP: 18/28 MP: 7/13
  3157 | D:3      | Noticed Natasha
  3163 | D:3      | Slain by Natasha

Illustrated notes

Levels and vault maps discovered:
D:1:      ncdulo_smallfort, layout_rooms, serial_co_window_serial,
          co_window_paths_a, co_window_corner_a, co_window_corner_a,
          co_window_paths_b, co_window_paths_b, co_window_paths_c,
          co_window_paths_c, co_window_2corner, co_window_unsneaky_path_d,
          co_window_corner_cb, co_window_2corner, co_window_4corner_a,
          co_window_paths_e, glass_columns_a, glass_columns_b
D:2:      layout_loops_ring, grunt_dithmenos_smoke, small_statue_intersection
D:3:      layout_loops_ring, grunt_temple_overflow_forces_of_nature, zin_angel,
          uniq_jessica, uniq_terence, uniq_ijyb, uniq_natasha

Skill      XL: |  1  2  3  4 |
---------------+-------------+-----
Ice Magic      | 5 6 |  6.2
Spellcasting   | 4 |  4.4
Armour         | |  0.2
Dodging        | |  2.4
Stealth        | |  2.6

Action                   |  1- 3 |  4- 6 || total
-------------------------+-------+-------++-------
Melee: Unarmed           |     6 |     9 ||    15
       Short sword       |       |     3 ||     3
 Cast: Freeze            |    50 |    16 ||    66
Armor: Robe              |     6 |     1 ||     7
Dodge: Dodged            |    27 |    14 ||    41

Table legend: (Time is in decaauts)
 A = Elapsed time spent in this place.
 B = Non-inter-level travel time spent in this place.
 C = Inter-level travel time spent in this place.
 D = Time resting spent in this place.
 E = Time spent auto-exploring this place.
 F = Levels seen in this place.
 G = Mean time per level.
                   A        B        C        D        E       F      G
               +--------+--------+--------+--------+--------+-----+--------+
         Total |   3154 |   3154 |      0 |    311 |   2195 |   3 | 1051.3 |
       Dungeon |   3154 |   3154 |      0 |    311 |   2195 |   3 | 1051.3 |
               +--------+--------+--------+--------+--------+-----+--------+

Top non-repeatable levels by time:
     D:1: 1082 daAuts
     D:2: 1052 daAuts
     D:3: 1020 daAuts
